 Dungeon Crawl Stone Soup version 0.17-a0-129-g9432df0 (webtiles) character file.

101 PolkaDot the Caller (level 4, -1/30 HPs)
             Began as a Vampire Summoner on Mar 24, 2015.
             Killed by divine providence
             ... invoked by an orc priest
              (16 damage)
             ... on level 3 of the Dungeon.
             The game lasted 00:05:26 (3067 turns).

PolkaDot the Caller (Vampire Summoner)              Turns: 3067, Time: 00:05:27

Health: -1/30      AC:  3    Str:  7    XL:     4   Next: 48%
Magic:  16/16      EV: 12    Int: 18    God:
Gold:   81         SH:  0    Dex: 14    Spells: 3 memorised, 1 level left

rFire  . . .     SeeInvis +     d - +0 short sword
rCold  . . .     Clarity  .     g - +0 leather armour
rNeg   + . .     SustAb   .     (no shield)
rPois  .         Gourm    .     (no helmet)
rElec  .         Spirit   .     (no cloak)
rCorr  .         Warding  .     (no gloves)
rMut   .         Stasis   .     (no boots)
MR     .....                    (no amulet)
Stlth  ++........               (no ring)
                                k - ring of magical power

@: not resistant to hostile enchantments, unstealthy
A: bottle blood, fangs 3, see invisible, unbreathing
a: Bat Form


You were on level 3 of the Dungeon.
You were not thirsty.

You visited 1 branch of the dungeon, and saw 3 of its levels.

You collected 81 gold pieces.

Inventory:

Hand weapons
 d - a +0 short sword (weapon)
Armour
 a - a +0 robe
 g - a +0 leather armour (worn)
Jewellery
 k - a ring of magical power (left hand)
Scrolls
 e - 3 scrolls of identify {unknown}
 h - a scroll of enchant weapon {unknown}
 i - a scroll of fog {unknown}
 l - a scroll of magic mapping {unknown}
 m - a scroll of remove curse {unknown}
Potions
 c - a potion of haste
 f - a potion of curing
 j - a potion of agility {unknown}
Books
 b - a book of Callings

   Spells                             Type                      Level
   a - Summon Small Mammal            Summoning                    1
   b - Call Imp                       Summoning                    2
   c - Call Canine Familiar           Summoning                    3
   d - Summon Guardian Golem          Hexes/Summoning              4
   e - Summon Lightning Spire         Summoning/Air                4
   f - Summon Ice Beast               Ice/Summoning                4


   Skills:
 * Level 3.4 Short Blades
 - Level 2.1 Dodging
 - Level 3.0 Stealth
 - Level 2.0 Spellcasting
 + Level 4.9 Summonings


You had one spell level left.
You knew the following spells:

 Your Spells              Type           Power        Failure   Level  Hunger
d - Call Canine Familiar  Summ           ###.....     14%         3    ###....
s - Call Imp              Summ           ###.....     8%          2    ###....
z - Summon Small Mammal   Summ           ###.         4%          1    #......


Dungeon Overview and Level Annotations

Branches:
Dungeon (3/15)

Altars:
Elyvilon


Innate Abilities, Weirdness & Mutations

You can bottle blood from corpses.
You have razor-sharp teeth.
You have supernaturally acute eyesight.
You can survive without breathing.


Message History

You start resting.
You feel sick.
You feel sick.
You are no longer poisoned.
You start resting.
Your white imp disappears in a puff of smoke! x3
Magic restored.
An orc priest comes into view. It is wielding a hand axe.
The orc priest shouts!
An orc priest comes into view. It is wielding a dagger.
An orc comes into view. It is wielding a club.
The orc priest shouts!
The orc shouts!
The orc priest invokes the aid of Beogh against you.
Something smites you!
* * * LOW HITPOINT WARNING * * *
An orc comes into view.
The orc priest mumbles some strange prayers to Beogh against you.
Something smites you!
Ouch! That really hurt!
You die...

..#.####### #.#.##<..)#
.. #.#.#####.# ....
#.#.#####(#
#...#######.#.......####
.................>......
..........).........(....
#.......#.#############.
#...###@#...#....# #. #.
#.###.#.##.######. #.#
.#.##.#...... #.#
.#.##.#.####. #o#
.#.##.#.####. ...
.#<...#.#....
#o########.#.#.###
o..............#
o.##########.#.#


You could see 2 orc priests and 2 orcs.

Vanquished Creatures
  Ijyb (D:2)
  3 adders (D:2)
  2 giant geckos (D:1)
  A ball python (D:2)
  3 bats
  3 giant cockroaches
  5 goblins
  2 hobgoblins
  5 kobolds
  A giant newt (D:2)
  A quokka (D:2)
  4 rats
31 creatures vanquished.

Vanquished Creatures (collateral kills)
  2 adders
  A giant gecko (D:1)
  2 bats (D:1)
  4 hobgoblins
  2 goblins (D:1)
  4 kobolds
15 creatures vanquished.

Vanquished Creatures (others)
  A bat (D:1)
  A rat (D:1)
2 creatures vanquished.

Grand Total: 48 creatures vanquished

Notes
Turn   | Place    | Note
--------------------------------------------------------------
     0 | D:1      | PolkaDot, the Vampire Summoner, began the quest for the Orb.
     0 | D:1      | Reached XP level 1. HP: 13/13 MP: 3/3
   653 | D:1      | Reached XP level 2. HP: 14/19 MP: 4/4
   765 | D:1      | Reached skill level 1 in Short Blades
  1326 | D:1      | You fall through a shaft!
  1332 | D:2      | Reached XP level 3. HP: 15/24 MP: 1/6
  1598 | D:2      | Learned a level 3 spell: Call Canine Familiar
  1601 | D:2      | Learned a level 2 spell: Call Imp
  1775 | D:2      | Found a white marble altar of Elyvilon.
  1877 | D:2      | Noticed Ijyb
  1908 | D:2      | Killed Ijyb
  2317 | D:2      | Reached XP level 4. HP: 30/30 MP: 7/7
  3067 | D:3      | Killed from afar by an orc priest

Action                   |  1- 3 |  4- 6 || total
-------------------------+-------+-------++-------
Melee: Unarmed           |    10 |       ||    10
       Short sword       |   128 |    44 ||   172
 Cast: Summon Small Mamm |    22 |       ||    22
       Call Imp          |     5 |     9 ||    14
  Use: Potion            |     3 |       ||     3
 Stab: Sleeping          |     5 |     1 ||     6
       Distracted        |     1 |       ||     1
  Eat: Corpse            |     8 |     2 ||    10
